 Dungeon Crawl Stone Soup version 0.30.1-9-gdf580d7c3d (webtiles) character file.

Game seed: 2542222665429658967

154 KittyFluff the Cudgeller (level 5, -12/49 HPs)
             Began as a Gargoyle Berserker on Oct 10, 2023.
             Was a Believer of Trog.
             Mangled by an ogre
             ... wielding a +0 giant spiked club
              (26 damage)
             ... on level 3 of the Dungeon.
             The game lasted 00:10:06 (2513 turns).

KittyFluff the Cudgeller (Gargoyle Berserker)       Turns: 2513, Time: 00:10:07

Health: -12/49     AC:  9    Str: 22    XL:     5   Next: 36%
Magic:  5/5        EV: 11    Int:  8    God:    Trog [**....]
Gold:   97         SH:  0    Dex:  9    Spells: 4/4 levels left

rFire   . . .        t - +1 flail (protect)
rCold   . . .        (no shield)
rNeg    + . .        p - +0 leather armour
rPois   ∞            (no helmet)
rElec   +            j - +0 cloak
rCorr   .            s - +0 pair of gloves
SInv    .            (no boots)
Will    .....        (no amulet) Stlth
                     (no ring)
HPRegen 0.28/turn    (no ring)
MPRegen 0.09/turn

%: no passive effects
@: berserking, very quick
A: sickness immunity, AC +4, negative energy resistance 1, electricity
resistance, torment resistance 1, petrification resistance
a: Renounce Religion, Berserk, Trog's Hand


You were on level 3 of the Dungeon.
You worshipped Trog.
Trog was pleased with you.
You visited 1 branch of the dungeon, and saw 3 of its levels.

You collected 97 gold pieces.

Inventory:

Hand Weapons
 l - a +0 sling
 m - a +0 shortbow
 t - a +1 flail of protection (weapon)
Armour
 j - a +0 cloak (worn)
 p - a +0 leather armour (worn)
 s - a +0 pair of gloves (worn)
Scrolls
 e - 2 scrolls of fear {unknown}
 f - a scroll of poison {unknown}
 g - 4 scrolls of identify {unknown}
 i - a scroll of fog {unknown}
 r - a scroll of teleportation {unknown}
Potions
 b - 3 potions of berserk rage {unknown}
 c - a potion of brilliance {unknown}
 d - a potion of flight {unknown}
 h - a potion of haste {unknown}
 k - a potion of heal wounds {unknown}
 n - a potion of invisibility {unknown}
 o - a potion of might {unknown}
 q - 2 potions of curing {unknown}


   Skills:
 + Level 3.9 Fighting
 * Level 4.1 Maces & Flails
 * Level 3.8 Armour
 + Level 2.2 Dodging


You had 4 spell levels left.
You didn't know any spells.
Your spell library was empty.

Dungeon Overview and Level Annotations

Branches:
Dungeon (3/15)

Altars:


Innate Abilities, Weirdness & Mutations

You are immune to sickness and miasma.
Your stone body is resilient. (AC +4)
You are immune to poison.
You resist negative energy. (rN+)
You are resistant to electric shocks. (rElec)
You are resistant to unholy torment.
You are immune to petrification.


Message History

Things that are here:
a +0 falchion; a +0 scale mail; the human corpse of Terence An orc comes into view.
It is wielding a +1 flail of protection.
The orc shouts!
The orc barely misses you.
You hit the orc but do no damage. The orc closely misses you. x2
You sock the orc!
You kill the orc!
Trog accepts your kill.
You see here a +1 flail of protection.
t - a +1 flail of protection Your +1 flail of protection hums with potential!
t - a +1 flail of protection (weapon)
You drop a +0 mace.
Found an escape hatch in the floor.
Found a stone staircase leading down.
A dart slug comes into view.
The dart slug closely misses you.
You hit the dart slug.
Your weapon exudes an aura of protection.
The dart slug is lightly wounded.
The dart slug launches a dart at you. The slug dart misses you.
You sock the dart slug!
You kill the dart slug!
Trog accepts your kill.
You see here a dart slug corpse.
Found a stone staircase leading down.
There is a stone staircase leading down here.
An ogre comes into view. It is wielding a +0 giant spiked club.
The ogre shouts!
Found a helmet.
The ogre hits you with a +0 giant spiked club!!
Ouch! That really hurt!
* * * LOW HITPOINT WARNING * * *
A red film seems to cover your vision as you go berserk!
You feel yourself moving faster!
You feel mighty!
The ogre hits you with a +0 giant spiked club!!
Ouch! That really hurt!
You die...

...~~≈ #####.##...##.
...... ~~~~....#
#............. ...~≈~
~≈≈~....#
#.#.........## ...~≈≈
≈≈~~[...#
#.#.#.##.#.###
...≈≈≈≈~ ≈≈≈~....#
#.#.......># #
...~~~~~ ~~~~....#
#.###.###### #
.................# #.#
#.# # .....#.#.
#....O###.###.# #
.....#..
#....@........#
.....#.#
#.#######.###.#
####.#.#####.# #.# #.#
..†..........# #.# #.#
######.#####.# #.# #.#
#.# #.# #.# #.#######
######.#####.#######.#
#.......#
....##...............#
#########
############.#########


You could see an ogre.

Vanquished Creatures
  A jelly (D:3)
  Terence (D:3)
  An orc wizard (D:3)
  3 adders
  3 dart slugs
  4 orcs (D:3)
  2 endoplasms
  3 giant cockroaches
  3 hobgoblins
  3 ball pythons
  7 bats
  4 frilled lizards
  2 goblins
  A kobold (D:1)
  5 rats
43 creatures vanquished.

Notes
Turn   | Place    | Note
-------+----------+-------------------------------------------
     0 | D:1      | KittyFluff the Gargoyle Berserker began the quest for the
                  | Orb.
     0 | D:1      | Reached XP level 1. HP: 14/14 MP: 1/1
   123 | D:1      | Found a faded altar of an unknown god.
   210 | D:1      | Reached XP level 2. HP: 19/19 MP: 2/2
  1046 | D:2      | Reached XP level 3. HP: 23/23 MP: 3/3
  1124 | D:2      | Reached ** piety under Trog
  1715 | D:3      | Reached XP level 4. HP: 13/29 MP: 4/4
  2222 | D:3      | Reached skill level 4 in Maces & Flails
  2222 | D:3      | Reached XP level 5. HP: 32/33 MP: 5/5
  2246 | D:3      | Noticed Terence
  2255 | D:3      | Killed Terence
  2510 | D:3      | Noticed an ogre
  2513 | D:3      | Mangled by an ogre

Illustrated notes

Levels and vault maps discovered:
D:1:      dpeg_arrival_leaves_temple_mockup, layout_basic,
          ebering_ecumenical_altar_box
D:2:      layout_loops_corners, moated_statue, minmay_3d_cube
D:3:      layout_basic, minivault_14, kennysheep_crisscross, uniq_terence

Skill      XL: |  1  2  3  4 |
---------------+-------------+-----
Armour         | 3 |  3.8
Dodging        | 2 |  2.2
Maces & Flails | 4 |  4.1
Fighting       | |  3.9

Action                     |  1- 3 |  4- 6 || total
---------------------------+-------+-------++-------
  Melee: Mace              |    98 |    60 ||   158
         Flail             |       |     2 ||     2
 Invoke: Berserk           |     1 |     1 ||     2
 Armour: Animal skin       |    43 |       ||    43
         Leather armour    |     1 |    26 ||    27
  Dodge: Dodged            |    78 |    37 ||   115
